 Dungeon Crawl Stone Soup version 0.32-a0-306-gfed3edf829 (webtiles) character file.

Game seed: 570185630052250877

9 Bravepunisher the Ducker (level 2, -5/16 HPs)
             Began as a Spriggan Monk on Feb 14, 2024.
             Killed by nerve-wracking pain
             ... invoked by a shadow imp
              (13 damage)
             ... on level 5 of the Dungeon.
             The game lasted 00:02:29 (511 turns).

Bravepunisher the Ducker (Spriggan Monk)             Turns: 511, Time: 00:02:30

Health: -5/16      AC:  2    Str:  7    XL:     2   Next: 3%
Magic:  3/3        EV: 19    Int: 11    God:
Gold:   3          SH:  0    Dex: 17    Spells: 1/1 levels left

rFire   . . .        a - +0 short sword
rCold   . . .        (no shield)
rNeg    . . .        b - +0 robe
rPois   .            (helmet restricted)
rElec   .            (no cloak)
rCorr   .            (gloves unavailable)
SInv    +            (boots unavailable)
Will    .....        (no amulet)
Stlth   ++           (no ring)
HPRegen 0.22/turn    (no ring)
MPRegen 0.08/turn

%: no passive effects
@: very quick
A: very small, no large weapons, unfitting armour, see invisible, speed 3
a: no special abilities


You were on level 5 of the Dungeon.
You visited 1 branch of the dungeon, and saw 5 of its levels.

You collected 3 gold pieces.

Inventory:

Hand Weapons
 a - a +0 short sword (weapon)
Armour
 b - a +0 robe (worn)
Jewellery
 d - an amulet of reflection
Scrolls
 f - a scroll of identify {unknown}
Potions
 c - a potion of ambrosia
 e - a potion of curing {unknown}


   Skills:
 + Level 2.6 Fighting
 - Level 3.2 Short Blades
 * Level 4.5 Dodging


You had one spell level left.
You didn't know any spells.
Your spell library was empty.

Dungeon Overview and Level Annotations

Branches:
Dungeon (5/15)
 Temple: D:4-7

Altars:
Dithmenos
Sif Muna
Yredelemnul
The Shining One

Annotations:
D:4 Pikel


Innate Abilities, Weirdness & Mutations

You are very small and have problems with some larger weapons.
You are too small for most types of armour.
You have supernaturally acute eyesight. (SInv)
You cover ground extremely quickly. (Speed+++)


Message History

Found a robe.
There is a stone staircase leading down here.
You climb downwards.
The orc shouts!
There is a stone staircase leading up here.
An iguana comes into view.
The iguana moves out of view.
Found 10 gold pieces.
An ice beast comes into view.
You open the large door.
Found a shimmering blue altar of Sif Muna.
Found an escape hatch in the floor.
Found a notched emerald ring.
Found 16 gold pieces.
You see here a ring of see invisible.
A bombardier beetle comes into view.
You see here the +3 flail "Qickef" {freeze, rN++ MP+9}. 2 orcs and 2 orc wizards come into view.
The orc wizard shouts! x2; The orc shouts!
You hear a shout!
A gnoll comes into view. It is wielding a +0 club.
The orc wizard mumbles some strange words.
The orc wizard flickers and vanishes for a moment.
A scorpion comes into view.
Found a stone staircase leading up.
A gnoll and a jelly come into view.
The gnoll is wielding a +0 heavy flail.
The gnoll shouts!
A shadow imp comes into view.
The scorpion misses you.
Found a stone staircase leading down.
The gnoll hits you with a +0 heavy flail.
The shadow imp shouts, "Turn tail, thou froward toad-spotted spell-botch!"
You hit the shadow imp but do no damage.
The shadow imp hits you. The shadow imp gestures at you.
Pain shoots through your body!
There is a stone staircase leading down here.
The shadow imp gestures at you. Pain shoots through your body!
Ouch! That really hurt!
You die...

#...... ...............
#...... ...............
#...... ...............
#...... ...............
#...... .............#
#...... .............#
#...... .............#
##......
.......@.....####.......
........5s#.#.#.#.######
........g.J.<.....#
..........#.#.#.###
.................#
########..#.#.#.##
###.......# ##.#.#.##
#######


You could see a scorpion, a jelly, a gnoll and a shadow imp.

Vanquished Creatures
  An endoplasm (D:3)
  A goblin (D:2)
  A quokka (D:2)
  A kobold (D:2)
  A rat (D:2)
5 creatures vanquished.

Notes
Turn   | Place    | Note
-------+----------+-------------------------------------------
     0 | D:1      | Bravepunisher the Spriggan Monk began the quest for the
                  | Orb.
     0 | D:1      | Reached XP level 1. HP: 11/11 MP: 2/2
   162 | D:3      | Reached XP level 2. HP: 16/16 MP: 3/3
   202 | D:3      | Found a basalt altar of Yredelemnul.
   238 | D:4      | Noticed a lemure
   239 | D:4      | Noticed Pikel
   240 | D:4      | Noticed a lemure
   240 | D:4      | Noticed a lemure
   242 | D:4      | Noticed a lemure
   271 | D:4      | Found a shadowy altar of Dithmenos.
   271 | D:4      | Found a glowing golden altar of the Shining One.
   314 | D:5      | Entered Level 5 of the Dungeon
   325 | D:5      | Noticed an ice beast
   344 | D:5      | Found a shimmering blue altar of Sif Muna.
   421 | D:5      | Noticed a bombardier beetle
   480 | D:5      | Identified the +3 flail "Qickef" {freeze, rN++ MP+9}
   496 | D:5      | Noticed a scorpion
   511 | D:5      | Killed from afar by a shadow imp

Illustrated notes

Levels and vault maps discovered:
D:1:      ncdulo_wetmaze, layout_loops_ring, ebering_ecumenical_altar_abandoned,
          serial_shops, shop
D:2:      cheibrodos_old_hovel, layout_basic, basic_altar,
          minmay_tree_intersection
D:3:      layout_basic, mainiacjoe_overflow_paths, okawaru_gym_becter,
          st_stairs_11, minmay_checkerbox
D:4:      layout_basic, mainiacjoe_overflow_large_starburst, serial_shops, shop,
          uniq_pikel
D:5:      layout_basic, general_overflow_altar, lemuel_crystal_altar,
          st_stairs_8

Action                     || total
---------------------------++-------
  Melee: Short sword       ||    21
   Stab: Sleeping          ||     2
 Armour: Robe              ||    14
  Dodge: Dodged            ||    22

Table legend: (Time is in decaauts)
 A = Elapsed time spent in this place.
 B = Non-inter-level travel time spent in this place.
 C = Inter-level travel time spent in this place.
 D = Time resting spent in this place.
 E = Time spent auto-exploring this place.
 F = Levels seen in this place.
 G = Mean time per level.
                   A        B        C        D        E       F      G
               +--------+--------+--------+--------+--------+-----+--------+
         Total |    338 |    338 |      0 |      0 |    109 |   5 |   67.6 |
       Dungeon |    338 |    338 |      0 |      0 |    109 |   5 |   67.6 |
               +--------+--------+--------+--------+--------+-----+--------+

Top non-repeatable levels by time:
     D:5: 119 daAuts
     D:3: 70 daAuts
     D:2: 68 daAuts
     D:4: 49 daAuts
     D:1: 30 daAuts
